 Dungeon Crawl Stone Soup version 0.24-a0-640-ge7cd8ce796 (webtiles) character file.

Game seed: 2950964503684531490, levelgen mode: deterministic

121 Kerapac the Bolt Thrower (level 4, 9/36 HPs)
             Began as a Centaur Hunter on Sept 25, 2019.
             Quit the game in a sewer.
             The game lasted 00:05:42 (2775 turns).

Kerapac the Bolt Thrower (Centaur Hunter)           Turns: 2775, Time: 00:05:42

Health: 9/36       AC:  5    Str: 14    XL:     4   Next: 77%
Magic:  4/4        EV:  9    Int: 10    God:
Gold:   72         SH:  0    Dex: 11    Spells: 3/3 levels left

rFire    . . .     SeeInvis .   a - +1 hand crossbow
rCold    . . .     Gourm    .   (no shield)
rNeg     . . .     Faith    .   c - +1 leather armour
rPois    .         Spirit   .   (no helmet)
rElec    .         Reflect  .   (no cloak)
rCorr    .         Harm     .   (no gloves)
MR       .....                  (no barding)
Stlth    +.........             (no amulet)
HPRegen  0.12/turn              (no ring)
MPRegen  0.09/turn              (no ring)

@: lethally poisoned (9 -> -1), very quick
A: large, hooves 3, deformed body, speed 2, tough skin 3
a: no special abilities


You were in a sewer.
You were hungry.

You visited 1 branch of the dungeon, and saw 3 of its levels.
You also visited: Sewer.

You collected 72 gold pieces.

Inventory:

Hand Weapons
 a - a +1 hand crossbow (weapon)
 b - a +0 short sword
Missiles
 d - 27 bolts (quivered)
Armour
 c - a +1 leather armour (worn)
Scrolls
 e - a scroll of identify
 g - a scroll of amnesia
 i - a scroll of teleportation
 l - a scroll of blinking {unknown}
Potions
 h - 2 potions of haste
 m - a potion of brilliance
Comestibles
 f - 6 rations


   Skills:
 - Level 2.0 Fighting
 + Level 6.8 Crossbows
 - Level 1.3 Dodging
 - Level 0.4 Stealth


You had 3 spell levels left.
You didn't know any spells.
Your spell library was empty.

Dungeon Overview and Level Annotations

Branches:
Dungeon (3/15)              Sewer (1/1)

Altars:
Fedhas
Nemelex Xobeh
The Shining One


Innate Abilities, Weirdness & Mutations

You have hooves in place of feet.
Armour fits poorly on your strangely shaped body.
You cover ground very quickly.
You have extremely tough skin. (AC +3)


Message History

You enter the shallow water.
Moving in this stuff is going to be slow.
The giant cockroach splashes around in the water.
The adder bites you.
You feel sick. The river rat bites you! The adder bites you.
You are more poisoned.
The adder poisons you! The adder closely misses you.
There is a glowing drain here.
You feel sick. The river rat barely misses you. The adder bites you.
* * * LOW HITPOINT WARNING * * *
You are lethally poisoned!
The adder poisons you!
The world spins around you as you enter the gateway.
You enter a sewer!
Found a gate leading back out of this place.
There is an empty arch of ancient stone here.
Okay, then.
Are you sure you want to abandon this character and quit the game? (Confirm with "yes".)

≈≈≈≈ ≈≈≈≈
≈≈≈≈≈
≈≈≈≈≈
≈≈≈≈≈.
≈≈≈≈≈.#
≈≈≈≈≈≈.##
≈≈≈≈≈≈≈@#
≈≈≈≈≈≈≈∩.#
≈≈≈≈≈≈..##
≈≈≈≈≈≈.##
≈≈≈≈≈≈.
≈≈≈≈≈≈≈
≈≈≈≈≈≈≈
≈≈≈≈≈≈≈


There were no monsters in sight!

Vanquished Creatures
  Crazy Yiuf (D:2)
  4 adders
  An ooze (D:2)
  A worm (D:2)
  2 dart slugs (D:2)
  3 giant cockroaches (D:1)
  5 hobgoblins
  4 jackals (D:2)
  A quokka (D:2)
  6 bats
  A frilled lizard (D:2)
  A giant cockroach zombie (D:2)
  3 goblins
  8 kobolds
  8 rats
49 creatures vanquished.

Notes
Turn   | Place    | Note
-------+----------+-------------------------------------------
     0 | D:1      | Kerapac the Centaur Hunter began the quest for the Orb.
     0 | D:1      | Reached XP level 1. HP: 17/17 MP: 1/1
   108 | D:1      | Reached XP level 2. HP: 24/24 MP: 2/2
   154 | D:1      | Reached skill level 5 in Crossbows
   918 | D:2      | Reached XP level 3. HP: 29/29 MP: 3/3
  1608 | D:2      | Found a glowing golden altar of the Shining One.
  1863 | D:2      | Found a sparkling altar of Nemelex Xobeh.
  1901 | D:2      | Reached skill level 6 in Crossbows
  1970 | D:2      | Found a runed translucent door.
  1971 | D:2      | Noticed Crazy Yiuf
  2029 | D:2      | Reached XP level 4. HP: 36/36 MP: 4/4
  2166 | D:2      | Found a blossoming altar of Fedhas.
  2532 | D:2      | Killed Crazy Yiuf
  2764 | D:3      | Found a glowing drain.
  2774 | Sewer    | Entered a sewer
  2775 | Sewer    | Quit the game

Levels and vault maps discovered:
D:1:      evilmike_arrival_sounds_zot, layout_basic, glass_columns_a,
          minmay_misc_feat_doors
D:2:      layout_basic, nemelex_xobeh_ov_fountains_minmay, tso_metal_star,
          lemuel_doored_altar, first_ration, uniq_crazy_yiuf_cottage
D:3:      layout_loops_cross, nicolae_overflow_hidden_temple,
          portal_sewer_entry_b
Sewer:    sewer_co_purgy_island

Skill      XL: |  1  2  3 |
---------------+----------+-----
Crossbows      | 5 6 |  6.8
Fighting       | |  2.0
Dodging        | |  1.3
Stealth        | |  0.4

Action                   |  1- 3 |  4- 6 || total
-------------------------+-------+-------++-------
Melee: Short sword       |     2 |       ||     2
       Kick              |     1 |       ||     1
 Fire: Hand crossbow     |   118 |    19 ||   137
  Use: Scroll            |       |     6 ||     6
  Eat: Chunk             |     2 |     1 ||     3
Armor: Leather armour    |    17 |     6 ||    23
Dodge: Dodged            |    30 |     7 ||    37

Table legend:
 A = Non-vault XP
 B = Vault XP
 C = Vault XP percentage of total XP
 D = Non-vault monster count
 E = Vault monster count
 F = Vault count percentage of total count
                 A         B        C        D         E       F
            +---------+---------+-------+---------+---------+-------
      Total |     132 |      42 |  24.1 |      48 |       1 |   2.0
            +---------+---------+-------+---------+---------+-------
        D:1 |      30 |       0 |   0.0 |      22 |       0 |   0.0
        D:2 |      80 |      42 |  34.4 |      19 |       1 |   5.0
        D:3 |      22 |       0 |   0.0 |       7 |       0 |   0.0
            +---------+---------+-------+---------+---------+-------
